 Dungeon Crawl Stone Soup version 0.28-a0-1087-gf3fc490d9d (webtiles) character file.

Game seed: 7341494238884410944

741 bande the Chopper (level 7, -4/44 HPs)
             Began as a Gargoyle Fighter on Dec 10, 2021.
             Slain by a wight (10 damage)
             ... on level 7 of the Dungeon.
             The game lasted 00:05:55 (5610 turns).

bande the Chopper (Gargoyle Fighter)                Turns: 5610, Time: 00:05:56

Health: -4/44      AC: 15    Str: 19    XL:     7   Next: 75%
Magic:  7/7        EV:  7    Int:  9    God:
Gold:   156        SH:  5    Dex: 11    Spells: 6/6 levels left

rFire   . . .      SeeInvis .   a - +1 war axe
rCold   . . .      Faith    .   c - +0 buckler
rNeg    + . .      Spirit   .   d - +0 chain mail
rPois   ∞          Reflect  .   (no helmet)
rElec   +          Harm     .   k - +0 cloak
rCorr   .          Rampage  .   (no gloves)
Will    .....                   (no boots)
Stlth   ..........              (no amulet)
HPRegen 0.14/turn               (no ring)
MPRegen 0.10/turn               (no ring)

@: no status effects
A: sickness immunity, AC +4, negative energy resistance 1, electricity
resistance, torment resistance 1, petrification resistance
a: no special abilities


You were on level 7 of the Dungeon.
You visited 1 branch of the dungeon, and saw 7 of its levels.

You collected 156 gold pieces.

Inventory:

Hand Weapons
 a - a +1 war axe (weapon)
Armour
 c - a +0 buckler (worn)
 d - a +0 chain mail (worn)
 k - a +0 cloak (worn)
Wands
 e - a wand of charming (4)
 i - a wand of acid (8)
Scrolls
 h - 2 scrolls of amnesia
 j - 2 scrolls of blinking
Potions
 b - a potion of haste {unknown}
 f - 2 potions of flight
 g - 2 potions of curing


   Skills:
 + Level 4.7 Fighting
 + Level 5.6 Axes
 + Level 5.3 Armour
 + Level 4.6 Shields


You had 6 spell levels left.
You didn't know any spells.
Your spell library contained the following spells:

 Spells                   Type           Power      Damage    Failure   Level
 Magic Dart               Conj           0%         1d3       99%         1
 Searing Ray              Conj           0%         2d4       99%         2
 Fulminant Prism          Conj/Hex       0%         3d6       100%        4


Dungeon Overview and Level Annotations

Branches:
Dungeon (8/15)
 Temple: D:4-7         Lair: D:8-11

Altars:
Fedhas
Wu Jian
Xom
Yredelemnul


Innate Abilities, Weirdness & Mutations

You are immune to sickness and miasma.
Your stone body is resilient. (AC +4)
You are immune to poison.
You resist negative energy. (rN+)
You are resistant to electric shocks. (rElec)
You are resistant to unholy torment.
You are immune to petrification.


Message History

There is a stone staircase leading down here.
You barely miss the wight.
The wight hits you with a +3 short sword!
You slash the wight!
The wight is heavily damaged.
You hit the wight.
The wight hits you with a +4 long sword!
The wight hits you with a +3 short sword.
You closely miss the wight.
The wight is heavily damaged.
Your chain mail prevents you from hitting the wight.
You block the wight's attack. The wight closely misses you.
You hit the wight but do no damage.
The wight is heavily damaged.
You hit the wight. The wight hits you but does no damage.
The wight hits you with a +3 short sword.
The wight hits you with a +4 long sword!
* * * LOW HITPOINT WARNING * * *
The wight hits you with a +3 short sword.
* * * LOW HITPOINT WARNING * * *
You hit the wight.
The wight is almost destroyed.
You closely miss the wight. The wight hits you but does no damage.
The wight barely misses you.
You slash the wight!
You destroy the wight!
You barely miss the wight.
The wight hits you with a +3 short sword.
* * * LOW HITPOINT WARNING * * *
You barely miss the wight.
The wight is heavily damaged.
The wight hits you with a +3 short sword.
* * * LOW HITPOINT WARNING * * *
You barely miss the wight.
The wight is heavily damaged.
You block the wight's attack.
You closely miss the wight.
The wight is heavily damaged.
The wight hits you with a +3 short sword!
You die...

.. ##. ..
.. # #.
.###.#.
......z##
#.@#
#.)....#
#......#
###.......
.##.... ..
..## .. ##
...


You could see a wight.

Vanquished Creatures
  Sigmund (D:2)
  A black bear (D:4)
  A wight (D:7)
  A howler monkey (D:8)
  A hound (D:4)
  An orc priest (D:5)
  A centaur skeleton (D:4)
  A jelly (D:8)
  A bullfrog skeleton (D:5)
  4 orc wizards
  2 hound skeletons
  A howler monkey zombie (D:4)
  3 adders
  4 gnolls
  An ufetubus (D:5)
  A worm (D:2)
  A dart slug (D:1)
  9 orcs
  7 ball pythons
  8 bats
  5 endoplasms
  A goblin (D:3)
  5 hobgoblins
  9 kobolds
  2 quokkas
  A frilled lizard (D:1)
  5 rats
78 creatures vanquished.

Vanquished Creatures (others)
  13 plants (D:3)
13 creatures vanquished.

Grand Total: 91 creatures vanquished

Notes
Turn   | Place    | Note
-------+----------+-------------------------------------------
     0 | D:1      | bande the Gargoyle Fighter began the quest for the Orb.
     0 | D:1      | Reached XP level 1. HP: 14/14 MP: 1/1
   278 | D:1      | Reached XP level 2. HP: 19/19 MP: 2/2
  1476 | D:2      | Reached XP level 3. HP: 13/23 MP: 3/3
  1868 | D:2      | Noticed Sigmund
  1877 | D:2      | Killed Sigmund
  1878 | D:2      | Reached XP level 4. HP: 4/29 MP: 4/4
  1878 | D:2      | Reached XP level 5. HP: 4/33 MP: 5/5
  2689 | D:3      | Reached XP level 6. HP: 34/38 MP: 6/6
  2974 | D:3      | Found a basalt altar of Yredelemnul.
  2979 | D:3      | Found a shimmering altar of Xom.
  2979 | D:3      | Found a blossoming altar of Fedhas.
  3593 | D:3      | Found a faded altar of an unknown god.
  3803 | D:4      | Noticed a black bear
  3809 | D:4      | Killed a black bear
  4584 | D:4      | Reached XP level 7. HP: 24/43 MP: 7/7
  4743 | D:4      | Reached skill level 5 in Armour
  5354 | D:5      | Entered Level 5 of the Dungeon
  5362 | D:5      | Reached skill level 5 in Axes
  5431 | D:5      | Found an ornate altar of the Wu Jian Council.
  5461 | D:5      | You fall into a shaft and drop 3 floors!
  5610 | D:7      | Slain by a wight

Illustrated notes

Levels and vault maps discovered:
D:1:      amcnicky_arrival_wind_blow, layout_loops_ring
D:2:      layout_rooms, serial_co_window_serial, co_window_corner_a,
          co_window_paths_b, co_window_corner_a, co_window_of_opportunity_a,
          co_window_of_opportunity_a, co_window_unsneaky_path_d,
          co_window_unsneaky_path_d, co_window_corner_b, co_window_corner_cb,
          co_window_broadway_c, co_window_paths_d, co_window_4corner_b,
          glass_columns_a, glass_columns_a, uniq_sigmund
D:3:      cheibrodos_old_hovel, layout_basic,
          gammafunk_temple_overflow_forgotten,
          dilly_ecumenical_altar_fadedgnrine, hangedman_decor_growths
D:4:      layout_loops_corners
D:5:      minmay_goblin_kobold_castle, layout_cave_pools,
          mainiacjoe_overflow_cross_hatched, mainiacjoe_overflow_24_doors
D:7:      layout_cave_pools, mainiacjoe_overflow_large_starburst
D:8:      layout_cave_pods, nicolae_overflow_hidden_temple, uniq_maggie,
          uniq_grum

Skill      XL: |  1  2  3  4  5  6  7 |
---------------+----------------------+-----
Axes           | 2 3 4 5 |  5.6
Armour         | 4 5 |  5.3
Shields        | 4 |  4.6
Fighting       | 4 |  4.7

Action                   |  1- 3 |  4- 6 |  7- 9 || total
-------------------------+-------+-------+-------++-------
Melee: War axe           |    69 |   125 |    76 ||   270
  Use: Scroll            |     3 |     5 |     3 ||    11
       Potion            |     1 |       |       ||     1
Armor: Scale mail        |    39 |    10 |       ||    49
       Chain mail        |       |    72 |    63 ||   135
Dodge: Dodged            |    31 |    66 |    33 ||   130
Block: Buckler           |    14 |    33 |    21 ||    68

Table legend: (Time is in decaauts)
 A = Elapsed time spent in this place.
 B = Non-inter-level travel time spent in this place.
 C = Inter-level travel time spent in this place.
 D = Time resting spent in this place.
 E = Time spent auto-exploring this place.
 F = Levels seen in this place.
 G = Mean time per level.
                   A        B        C        D        E       F      G
               +--------+--------+--------+--------+--------+-----+--------+
         Total |   5693 |   5643 |     50 |   1259 |   3423 |   7 |  813.3 |
       Dungeon |   5693 |   5643 |     50 |   1259 |   3423 |   7 |  813.3 |
               +--------+--------+--------+--------+--------+-----+--------+

Top non-repeatable levels by time:
     D:2: 1759 daAuts
     D:3: 1583 daAuts
     D:4: 1252 daAuts
     D:1: 831 daAuts
     D:8: 142 daAuts
     D:5: 114 daAuts
     D:7: 10 daAuts
